TOP OF THE 1ST |
Fresno Grizzlies batting - Pitching for Salt Lake Bees : RHP Robbie Delgado
|
Pitching: RHP Robbie Delgado
|
|
Batting: RHB Paul Shell
|
0-0: Ball 1-0: Swinging Strike 1-1: Swinging Strike 1-2: Strikes out looking
|
Batting: LHB Chris Cabrera
|
0-0: Ball 1-0: Foul Ball, location: 2F 1-1: Foul Ball, location: 2F 1-2: Ground out 4-3 (Groundball, 34D, EV 98.1 MPH)
|
Batting: LHB Bob Myers
|
0-0: Ball 1-0: Ground out 6-3 (Groundball, 6M, EV 83.1 MPH)
|
Top of the 1st over - 0 runs, 0 hits, 0 errors, 0 left on base; Fresno 0 - Salt Lake 0 |
BOTTOM OF THE 1ST |
Salt Lake Bees batting - Pitching for Fresno Grizzlies : RHP Doug Nickey
|
Pitching: RHP Doug Nickey
|
|
Batting: SHB Butch Brown
|
0-0: Foul Ball, location: 2F 0-1: Foul Ball, location: 2F 0-2: Fly out, F7 (Line Drive, 7, EV 98.1 MPH)
|
Batting: RHB Melvin Gomez
|
0-0: Swinging Strike 0-1: Ball 1-1: Ball 2-1: Ball 3-1: Fly out, F8 (Flyball, 8RS, EV 78.8 MPH)
|
Batting: LHB Rusty Ney
|
0-0: Called Strike 0-1: Ball 1-1: Ball 2-1: Ball 3-1: Foul Ball, location: 2F 3-2: Base on Balls
|
Batting: RHB Andres Mendiola
|
0-0: Ball 1-0: Called Strike 1-1: Swinging Strike 1-2: Ball 2-2: Foul Ball, location: 2F 2-2: Ball 3-2: DOUBLE (Groundball, 5L, EV 94.4 MPH) Rusty Ney to third Rusty Ney scores
|
Batting: RHB Jeff Long
|
0-0: Called Strike 0-1: Swinging Strike 0-2: Ball 1-2: Strikes out swinging
|
Bottom of the 1st over - 1 run, 1 hit, 0 errors, 1 left on base; Fresno 0 - Salt Lake 1 |
TOP OF THE 2ND |
Fresno Grizzlies batting - Pitching for Salt Lake Bees : RHP Robbie Delgado
|
Batting: RHB Chris Fitzgerald
|
0-0: Ground out 6-3 (Groundball, 6S, EV 83.1 MPH)
|
Batting: LHB Doug Anderson
|
0-0: Called Strike 0-1: Ball 1-1: Ball 2-1: Ground out U3 (Groundball, 34S, EV 83.1 MPH)
|
Batting: RHB Ramon Castellon
|
0-0: Foul Ball, location: 2F 0-1: Called Strike 0-2: Foul Ball, location: 2F 0-2: Strikes out swinging
|
Top of the 2nd over - 0 runs, 0 hits, 0 errors, 0 left on base; Fresno 0 - Salt Lake 1 |
BOTTOM OF THE 2ND |
Salt Lake Bees batting - Pitching for Fresno Grizzlies : RHP Doug Nickey
|
Batting: RHB Juan Rosa
|
0-0: Swinging Strike 0-1: Ball 1-1: Ball 2-1: Called Strike 2-2: Strikes out swinging
|
Batting: RHB Tim Lively
|
0-0: Ball 1-0: Called Strike 1-1: Swinging Strike 1-2: Ball 2-2: Strikes out swinging
|
Batting: RHB Jose Pineda
|
0-0: SINGLE (Groundball, 25, EV 65.0 MPH) (infield hit)
|
Batting: LHB Edgar van der Meeren
|
0-0: Called Strike 0-1: Ball Jose Pineda steals 2nd base 1-1: SINGLE (Groundball, 34D, EV 94.4 MPH) Jose Pineda to third Runner from 3rd tries for Home, SAFE, throw by RF to home
|
Batting: SHB Butch Brown
|
0-0: Ball 1-0: Foul Ball, location: 2F 1-1: Foul Ball, location: 2F 1-2: Ball 2-2: Strikes out swinging
|
Bottom of the 2nd over - 1 run, 2 hits, 0 errors, 1 left on base; Fresno 0 - Salt Lake 2 |
TOP OF THE 3RD |
Fresno Grizzlies batting - Pitching for Salt Lake Bees : RHP Robbie Delgado
|
Batting: RHB Edgar Trejo
|
0-0: Swinging Strike 0-1: Ball 1-1: Foul Ball, location: 2F 1-2: Ground out 6-3 (Groundball, 6MS, EV 85.6 MPH)
|
Batting: RHB Raul Sanchez
|
0-0: Called Strike 0-1: Ball 1-1: Fly out, F7 (Flyball, 78S, EV 81.9 MPH)
|
Batting: RHB Matt Parker
|
0-0: Ball 1-0: Foul Ball, location: 2F 1-1: Ball 2-1: Called Strike 2-2: Ground out 4-3 (Groundball, 34, EV 86.2 MPH)
|
Top of the 3rd over - 0 runs, 0 hits, 0 errors, 0 left on base; Fresno 0 - Salt Lake 2 |
BOTTOM OF THE 3RD |
Salt Lake Bees batting - Pitching for Fresno Grizzlies : RHP Doug Nickey
|
Batting: RHB Melvin Gomez
|
0-0: Called Strike 0-1: Foul Ball, location: 2F 0-2: Ball 1-2: SINGLE (Groundball, 6M, EV 87.5 MPH) (infield hit)
|
Batting: LHB Rusty Ney
|
0-0: Ball 1-0: Ball 2-0: Foul Ball, location: 2F 2-1: Foul Ball, location: 2F 2-2: Foul Ball, location: 2F 2-2: Strikes out looking
|
Batting: RHB Andres Mendiola
|
0-0: Ball 1-0: Ball 2-0: Foul Ball, location: 2F 2-1: Foul Ball, location: 2F 2-2: Hit by Pitch Melvin Gomez to second
|
Pinch Runner at 1st Justin Lauderdale:
|
|
Batting: RHB Jeff Long
|
0-0: Called Strike 0-1: Ball 1-1: Ball 2-1: Foul Ball, location: 2F 2-2: Ball 3-2: Fly out, F8 (Flyball, 8RM, EV 90.6 MPH)
|
Batting: RHB Juan Rosa
|
0-0: Called Strike 0-1: Fly out, F9 (Flyball, 9S, EV 95.0 MPH)
|
Bottom of the 3rd over - 0 runs, 1 hit, 0 errors, 2 left on base; Fresno 0 - Salt Lake 2 |
TOP OF THE 4TH |
Fresno Grizzlies batting - Pitching for Salt Lake Bees : RHP Robbie Delgado
|
Now at 3B: Justin Lauderdale
|
|
Now at SS: Jose Pineda
|
|
Batting: RHB Paul Shell
|
0-0: Ball 1-0: Foul Ball, location: 2F 1-1: Ground out 6-3 (Groundball, 6, EV 105.0 MPH)
|
Batting: LHB Chris Cabrera
|
0-0: Called Strike 0-1: Ball 1-1: Ball 2-1: Ground out 2-3 (Groundball, 15S, EV 68.8 MPH)
|
Batting: LHB Bob Myers
|
0-0: Called Strike 0-1: Ground out 6-3 (Groundball, 6S, EV 76.2 MPH)
|
Top of the 4th over - 0 runs, 0 hits, 0 errors, 0 left on base; Fresno 0 - Salt Lake 2 |
BOTTOM OF THE 4TH |
Salt Lake Bees batting - Pitching for Fresno Grizzlies : RHP Doug Nickey
|
Batting: RHB Tim Lively
|
0-0: Called Strike 0-1: Ball 1-1: SINGLE (Groundball, 4MD, EV 100.0 MPH)
|
Batting: RHB Jose Pineda
|
0-0: Ball 1-0: Ball 2-0: Called Strike 2-1: Called Strike 2-2: Ball 3-2: Strikes out swinging
|
Batting: LHB Edgar van der Meeren
|
0-0: Foul Ball, location: 2F 0-1: Ball 1-1: Foul Ball, location: 2F 1-2: Ball 2-2: Foul Ball, location: 2F 2-2: Strikes out swinging
|
Batting: SHB Butch Brown
|
0-0: Swinging Strike 0-1: Ball 1-1: Ball 2-1: Foul Ball, location: 2F 2-2: Ball 3-2: DOUBLE (Groundball, 3L, EV 99.4 MPH) Tim Lively to third Tim Lively scores
|
Batting: RHB Melvin Gomez
|
0-0: Called Strike 0-1: Ball Wild Pitch! Butch Brown to third 1-1: Swinging Strike 1-2: Foul Ball, location: 2F 1-2: Foul Ball, location: 2F 1-2: Ball 2-2: Strikes out looking
|
Bottom of the 4th over - 1 run, 2 hits, 0 errors, 1 left on base; Fresno 0 - Salt Lake 3 |
TOP OF THE 5TH |
Fresno Grizzlies batting - Pitching for Salt Lake Bees : RHP Robbie Delgado
|
Batting: RHB Chris Fitzgerald
|
0-0: Ball 1-0: Ball 2-0: Ball 3-0: Base on Balls
|
Batting: LHB Doug Anderson
|
0-0: Grounds into double play, 5-4-3 (Groundball, 56, EV 81.2 MPH)
|
Batting: RHB Ramon Castellon
|
0-0: Ball 1-0: Ball 2-0: Foul Ball, location: 2F 2-1: Ground out 4-3 (Groundball, 4S, EV 75.0 MPH)
|
Top of the 5th over - 0 runs, 0 hits, 0 errors, 0 left on base; Fresno 0 - Salt Lake 3 |
BOTTOM OF THE 5TH |
Salt Lake Bees batting - Pitching for Fresno Grizzlies : RHP Doug Nickey
|
Batting: LHB Rusty Ney
|
0-0: Ball 1-0: Foul Ball, location: 2F 1-1: Called Strike 1-2: Fly out, F8 (Flyball, 8LM, EV 88.1 MPH)
|
Batting: RHB Justin Lauderdale
|
0-0: Called Strike 0-1: Foul Ball, location: 2F 0-2: Ball 1-2: Ground out U3 (Groundball, 34S, EV 78.1 MPH)
|
Batting: RHB Jeff Long
|
0-0: Foul Ball, location: 2F 0-1: Ball 1-1: Called Strike 1-2: Strikes out swinging
|
Bottom of the 5th over - 0 runs, 0 hits, 0 errors, 0 left on base; Fresno 0 - Salt Lake 3 |
TOP OF THE 6TH |
Fresno Grizzlies batting - Pitching for Salt Lake Bees : RHP Robbie Delgado
|
Batting: RHB Edgar Trejo
|
0-0: SINGLE (Flyball, 8RM, EV 85.6 MPH)
|
Batting: RHB Raul Sanchez
|
0-0: Ball 1-0: Ball 2-0: Foul Ball, location: 2F 2-1: SINGLE (Groundball, 6MD, EV 106.9 MPH) Edgar Trejo to second
|
Batting: RHB Matt Parker
|
0-0: Ball Wild Pitch! Edgar Trejo to third Raul Sanchez to second 1-0: Called Strike 1-1: Ball 2-1: Fly out, F7 (Flyball, 7D, EV 103.1 MPH) Runner from 3rd tags up, SCORES, throw by LF
|
Batting: RHB Paul Shell
|
0-0: Ball 1-0: Reached on error, E5 (Groundball, 56S, EV 81.9 MPH) Raul Sanchez to third
|
Batting: LHB Chris Cabrera
|
0-0: Called Strike 0-1: Ball 1-1: Called Strike 1-2: Strikes out swinging
|
Batting: LHB Bob Myers
|
0-0: Ball 1-0: Foul Ball, location: 2F 1-1: Foul Ball, location: 2F 1-2: Ball 2-2: Strikes out swinging
|
Top of the 6th over - 1 run, 2 hits, 1 error, 2 left on base; Fresno 1 - Salt Lake 3 |
BOTTOM OF THE 6TH |
Salt Lake Bees batting - Pitching for Fresno Grizzlies : RHP Doug Nickey
|
Pitching: RHP Isaiah McLaurin
|
|
Batting: RHB Juan Rosa
|
0-0: Ball 1-0: Ball 2-0: Ball 3-0: Base on Balls
|
Batting: RHB Tim Lively
|
0-0: Ball 1-0: Foul Ball, location: 2F 1-1: Ball 2-1: Swinging Strike 2-2: Ball 3-2: Foul Ball, location: 2F 3-2: Strikes out looking
|
Batting: RHB Jose Pineda
|
0-0: Called Strike 0-1: Fielders Choice at 2nd, 3-6 (Groundball, 3S, EV 80.6 MPH)
|
Batting: LHB Edgar van der Meeren
|
0-0: Ground out 4-3 (Groundball, 34, EV 90.6 MPH)
|
Bottom of the 6th over - 0 runs, 0 hits, 0 errors, 1 left on base; Fresno 1 - Salt Lake 3 |
TOP OF THE 7TH |
Fresno Grizzlies batting - Pitching for Salt Lake Bees : RHP Robbie Delgado
|
Batting: RHB Chris Fitzgerald
|
0-0: Called Strike 0-1: Fly out, F8 (Flyball, 8LD, EV 100.0 MPH)
|
Batting: LHB Doug Anderson
|
0-0: Called Strike 0-1: SINGLE (Line Drive, 8LS, EV 98.1 MPH)
|
Batting: RHB Ramon Castellon
|
0-0: Called Strike 0-1: Foul Ball, location: 2F 0-2: Foul Ball, location: 2F 0-2: Ball 1-2: Ball Doug Anderson is caught stealing 2nd base 2-4 2-2: Foul Ball, location: 2F 2-2: SINGLE (Groundball, 34D, EV 101.2 MPH)
|
Pitching: RHP Joe Butler
|
|
Batting: RHB Edgar Trejo
|
0-0: Called Strike 0-1: Ball Wild Pitch! Ramon Castellon to second 1-1: Foul Ball, location: 2F 1-2: Foul Ball, location: 2F 1-2: Ball 2-2: Ball 3-2: Foul Ball, location: 2F 3-2: Ground out 6-3 (Groundball, 6, EV 96.2 MPH)
|
Top of the 7th over - 0 runs, 2 hits, 0 errors, 1 left on base; Fresno 1 - Salt Lake 3 |
BOTTOM OF THE 7TH |
Salt Lake Bees batting - Pitching for Fresno Grizzlies : RHP Isaiah McLaurin
|
Batting: SHB Butch Brown
|
0-0: Ball 1-0: Swinging Strike 1-1: Swinging Strike 1-2: Ball 2-2: Strikes out swinging
|
Batting: RHB Melvin Gomez
|
0-0: Ball 1-0: Ball 2-0: Ball 3-0: Base on Balls
|
Batting: LHB Rusty Ney
|
0-0: Ball 1-0: Foul Ball, location: 2F 1-1: Ball 2-1: Swinging Strike 2-2: Foul Ball, location: 2F 2-2: Strikes out swinging
|
Batting: RHB Justin Lauderdale
|
0-0: Ball Melvin Gomez is caught stealing 2nd base 2-4
|
Bottom of the 7th over - 0 runs, 0 hits, 0 errors, 0 left on base; Fresno 1 - Salt Lake 3 |
TOP OF THE 8TH |
Fresno Grizzlies batting - Pitching for Salt Lake Bees : RHP Joe Butler
|
Batting: RHB Raul Sanchez
|
0-0: Ground out 1-3 (Groundball, 34S, EV 66.9 MPH)
|
Batting: RHB Matt Parker
|
0-0: SINGLE (Flyball, 3D, EV 88.8 MPH)
|
Batting: RHB Paul Shell
|
0-0: Called Strike 0-1: Ball 1-1: Called Strike 1-2: Fly out, F8 (Flyball, 89M, EV 93.8 MPH)
|
Batting: LHB Chris Cabrera
|
0-0: Called Strike 0-1: Foul Ball, location: 2F 0-2: Strikes out swinging
|
Top of the 8th over - 0 runs, 1 hit, 0 errors, 1 left on base; Fresno 1 - Salt Lake 3 |
BOTTOM OF THE 8TH |
Salt Lake Bees batting - Pitching for Fresno Grizzlies : RHP Isaiah McLaurin
|
Batting: RHB Justin Lauderdale
|
0-0: Called Strike 0-1: Ball 1-1: Swinging Strike 1-2: Ball 2-2: Ball 3-2: Base on Balls
|
Batting: RHB Jeff Long
|
0-0: Ball 1-0: Foul Ball, location: 2F 1-1: Ball 2-1: Ball 3-1: Foul Ball, location: 2F 3-2: Ground out 1-3 (Groundball, 34S, EV 65.6 MPH) Justin Lauderdale to second
|
Batting: RHB Juan Rosa
|
0-0: Ball 1-0: Ball 2-0: SINGLE (Line Drive, 6D, EV 102.5 MPH) Justin Lauderdale to third Runner from 3rd tries for Home, throw by LF and OUT! 7-2
|
Batting: RHB Tim Lively
|
0-0: Called Strike 0-1: Ground out 6-3 (Groundball, P, EV 79.4 MPH)
|
Bottom of the 8th over - 0 runs, 1 hit, 0 errors, 1 left on base; Fresno 1 - Salt Lake 3 |
TOP OF THE 9TH |
Fresno Grizzlies batting - Pitching for Salt Lake Bees : RHP Joe Butler
|
Pitching: RHP Austin Maki
|
|
Batting: LHB Bob Myers
|
0-0: Ball 1-0: Ball 2-0: Ball 3-0: Base on Balls
|
Batting: RHB Chris Fitzgerald
|
0-0: Swinging Strike 0-1: Ball 1-1: Ball 2-1: Ball 3-1: Foul Ball, location: 2F 3-2: Fly out, F7 (Flyball, 7, EV 82.5 MPH)
|
Batting: LHB Doug Anderson
|
0-0: Swinging Strike 0-1: Ball 1-1: Fly out, F3 (Line Drive, 3, EV 70.0 MPH) Lined into DP, U3 (Line Drive, 3, EV 70.6 MPH)
|
Top of the 9th over - 0 runs, 0 hits, 0 errors, 0 left on base; Fresno 1 - Salt Lake 3 |
|